 Dungeon Crawl Stone Soup version 0.27.1-34-g3ba077fa99 (webtiles) character file.

Game seed: 12860591594668449661

340 boopmooplesden the Covered (level 6, -3/53 HPs)
             Began as a Minotaur Fighter on Jan 7, 2022.
             Slain by a wyvern (5 damage)
             ... on level 4 of the Dungeon.
             The game lasted 00:04:15 (3784 turns).

boopmooplesden the Covered (Minotaur Fighter)       Turns: 3784, Time: 00:04:17

Health: -3/53      AC:  7    Str: 22    XL:     6   Next: 30%
Magic:  5/5        EV: 12    Int:  5    God:
Gold:   249        SH: 10    Dex: 10    Spells: 5/5 levels left

rFire    + . .     SeeInvis .   a - +0 flail
rCold    . . .     Faith    .   c - +0 kite shield
rNeg     . . .     Spirit   .   b - +0 scale mail
rPois    .         Reflect  .   (helmet restricted)
rElec    .         Harm     .   (no cloak)
rCorr    .         Rampage  .   (no gloves)
Will     .....                  (no boots)
Stlth    ..........             (no amulet)
HPRegen  0.17/turn              i - ring of protection from fire
MPRegen  0.09/turn              j - +4 ring of evasion

@: no status effects
A: horns 2, retaliatory headbutt
a: no special abilities


You were on level 4 of the Dungeon.
You visited 1 branch of the dungeon, and saw 4 of its levels.

You collected 249 gold pieces.

Inventory:

Hand Weapons
 a - a +0 flail (weapon)
Missiles
 e - 6 boomerangs (quivered)
Armour
 b - a +0 scale mail (worn)
 c - a +0 kite shield (worn)
Jewellery
 d - a ring of flight
 i - a ring of protection from fire (left hand)
 j - a +4 ring of evasion (right hand)
Scrolls
 g - a scroll of teleportation
 h - a scroll of identify
Potions
 f - a potion of curing
 k - 2 potions of lignification {unknown}
 l - a potion of heal wounds {unknown}


   Skills:
 + Level 4.6 Fighting
 + Level 4.9 Maces & Flails
 + Level 0.2 Throwing
 + Level 5.4 Armour
 + Level 1.2 Dodging
 + Level 0.2 Stealth
 + Level 5.0 Shields


You had 5 spell levels left.
You didn't know any spells.
Your spell library was empty.

Dungeon Overview and Level Annotations

Branches:
Dungeon (4/15)
 Temple: D:4-7

Altars:
Xom


Innate Abilities, Weirdness & Mutations

You have a pair of horns on your head.
You reflexively headbutt those who attack you in melee.


Message History

The jackal is almost dead.
You block the jackal's attack. x2
The jackal bites you but does no damage.
The jackal bites you.
Your scale mail prevents you from hitting the jackal.
The jackal is almost dead.
The wyvern hisses angrily.
The jackal barely misses you.
The jackal bites you but does no damage.
The wyvern hisses menacingly.
You block the jackal's attack. x2
You barely miss the jackal. Your headbutt misses the jackal.
You block the jackal's attack. The jackal closely misses you.
You sock the jackal!
You kill the jackal!
The wyvern bites you!
You hit the wyvern but do no damage. You block the wyvern's attack.
The wyvern barely misses you.
You hit the wyvern but do no damage. The wyvern barely misses you.
You furiously retaliate!
You headbutt the wyvern, but do no damage.
The wyvern closely misses you.
You hit the wyvern.
The wyvern is lightly wounded.
The wyvern bites you but does no damage.
The wyvern bites you.
You sock the wyvern!
The wyvern is heavily wounded.
The wyvern bites you! x2
* * * LOW HITPOINT WARNING * * *
You sock the wyvern!
The wyvern is severely wounded.
You block the wyvern's attack. x2
You closely miss the wyvern.
You headbutt the wyvern, but do no damage.
The wyvern is severely wounded.
The wyvern bites you.
* * * LOW HITPOINT WARNING * * *
The wyvern bites you.
You die...

*#*,,*#............# ***,*,,
*,..,*#..########### ***,,,,,,
*,*#.###.##### **,,**,,*,
*,*#.....#...###########,***,*,,*
*,*####....#<..........#***,*,*,,
*,* #..#...###.#.....# ***,,,,,
*,* #..##.## #.#.....#**,***,,,
*,* #..##.# #.#.....#*,*,,,,*,
*,* #.....# #@#.....#*****,*,,
*,* #.##..# #l####### ***,*,,*
*,* #.##..####h##### *,,*,,,, *,*
#<.............#** ***,,,,,
*,*****..[?......#.....# *****,
*,,,,,,......$...#...### ***,,,,,
*******.......>........* *,,*,,,,
*.........###..### ***,*,,*
*.........# *,..,******,*,,


You could see a wyvern and a jackal.

Vanquished Creatures
  Sigmund (D:2)
  A jelly (D:4)
  An iguana (D:4)
  3 adders
  5 worms
  2 dart slugs (D:1)
  10 orcs
  8 ball pythons
  7 bats
  10 endoplasms
  5 goblins
  3 hobgoblins
  A jackal (D:4)
  3 quokkas
  4 frilled lizards
  A jackal skeleton (D:4)
  5 kobolds
  A quokka skeleton (D:4)
  9 rats
80 creatures vanquished.

Notes
Turn   | Place    | Note
-------+----------+-------------------------------------------
     0 | D:1      | boopmooplesden the Minotaur Fighter began the quest for the
                  | Orb.
     0 | D:1      | Reached XP level 1. HP: 19/19 MP: 0/0
   217 | D:1      | Reached XP level 2. HP: 24/27 MP: 1/1
   917 | D:1      | Reached XP level 3. HP: 33/33 MP: 2/2
  1477 | D:2      | Noticed Sigmund
  1782 | D:2      | Found a shimmering altar of Xom.
  1825 | D:2      | HP: 1/33 [something (9)]
  1829 | D:2      | Killed Sigmund
  1830 | D:2      | Reached skill level 5 in Armour
  1830 | D:2      | Reached XP level 4. HP: 4/41 MP: 3/3
  1830 | D:2      | Reached XP level 5. HP: 5/47 MP: 4/4
  2346 | D:3      | Found a faded altar of an unknown god.
  2395 | D:3      | Reached skill level 1 in Dodging
  3449 | D:4      | Reached XP level 6. HP: 39/53 MP: 5/5
  3694 | D:4      | Reached skill level 5 in Shields
  3769 | D:4      | Noticed a wyvern
  3784 | D:4      | HP: 2/53 [wyvern (6)]
  3784 | D:4      | Slain by a wyvern

Illustrated notes

Levels and vault maps discovered:
D:1:      beargit_arrival_diablo_church, layout_basic
D:2:      layout_rooms, basic_altar, minmay_tromino_i4, uniq_sigmund
D:3:      layout_loops_corners, chequers_ecumenical_altar_simple_redux,
          chequers_serial_rivers_large_b, minmay_misc_feat_secret_circle,
          minmay_misc_feat_pillars
D:4:      layout_loops_ring, okawaru_gym_becter, gammafunk_ghost_grave,
          minmay_increasing_density

Skill      XL: |  1  2  3  4  5  6 |
---------------+-------------------+-----
Fighting       | 4 |  4.6
Maces & Flails | 3 4 |  4.9
Armour         | 4 5 |  5.4
Shields        | 4 5 |  5.0
Dodging        | 1 |  1.2
Throwing       | |  0.2
Stealth        | |  0.2

Action                   |  1- 3 |  4- 6 || total
-------------------------+-------+-------++-------
Melee: Flail             |   101 |    84 ||   185
       Headbutt          |    15 |    16 ||    31
Throw: Boomerang         |       |     7 ||     7
  Use: Scroll            |     5 |     2 ||     7
       Potion            |     3 |       ||     3
Armor: Scale mail        |    65 |    42 ||   107
Dodge: Dodged            |    40 |    30 ||    70
Block: Kite shield       |    62 |    48 ||   110
